 Dungeon Crawl Stone Soup version 0.29.1-1-gd02db6906a (webtiles) character file.

Game seed: 295621189814620808

4109 112233 the Insei (level 10, -1/68 HPs)
             Began as an Octopode Transmuter on Oct 11, 2022.
             Was an Initiate of Gozag.
             Slain by a wolf (9 damage)
             ... led by Grum
             ... on level 7 of the Dungeon.
             The game lasted 00:11:07 (11043 turns).

112233 the Insei (Octopode Transmuter)             Turns: 11043, Time: 00:11:08

Health: -1/68      AC:  1    Str: 10    XL:     10   Next: 26%
Magic:  18/18      EV: 15    Int: 20    God:    Gozag
Gold:   91         SH:  5    Dex: 12    Spells: 8/20 levels left

rFire   + . .      SeeInvis .     - Unarmed
rCold   + . .      Faith    .   (no shield)
rNeg    . . .      Spirit   .   (helmet restricted)
rPois   +          Reflect  +   g - amulet of reflection
rElec   +          Harm     .   q - ring of flight
rCorr   +          Rampage  .   A - ring of poison resistance
Will    .....                   (no ring)
Stlth   ++........              (no ring)
HPRegen 0.21/turn               (no ring)
MPRegen 0.16/turn               (no ring)
                                (no ring)
                                (no ring)

@: mighty, resistant, flying, invisible
A: almost no armour, amphibious, 8 rings, camouflage 1, gelatinous body 1,
(nimble swimmer 1), tentacles
a: Renounce Religion, Potion Petition, Call Merchant, Bribe Branch


You were on level 7 of the Dungeon.
You worshipped Gozag.
Gozag was noncommittal.
You visited 2 branches of the dungeon, and saw 9 of its levels.

You collected 677 gold pieces.
You paid 586 gold pieces to Gozag.

Inventory:

Hand Weapons
 x - a +0 club
Missiles
 z - 2 throwing nets
Armour
 y - a +0 kite shield
Jewellery
 g - an amulet of reflection (around mantle)
 q - a ring of flight (left tentacle)
 A - a ring of poison resistance (right tentacle)
 D - a +4 ring of evasion
Wands
 f - a wand of light (12)
 w - a wand of mindburst (6)
 C - a wand of flame (21)
Scrolls
 b - 2 scrolls of noise
 c - 5 scrolls of identify
 i - a scroll of acquirement {unknown}
 j - 5 scrolls of vulnerability
 l - a scroll of brand weapon {unknown}
 o - 2 scrolls of enchant armour {unknown}
 p - 2 scrolls of blinking {unknown}
 s - 4 scrolls of fog {unknown}
 t - 2 scrolls of magic mapping
 u - 5 scrolls of teleportation
 E - a scroll of silence
 G - a scroll of poison {unknown}
Potions
 a - a potion of attraction
 d - a potion of cancellation {unknown}
 e - a potion of mutation {unknown}
 h - 2 potions of haste {unknown}
 k - a potion of brilliance {unknown}
 m - a potion of magic {unknown}
 n - a potion of might {unknown}
 r - 2 potions of flight {unknown}
 v - 2 potions of degeneration {unknown}
 F - a potion of lignification


   Skills:
 + Level 6.0 Fighting
 + Level 6.4 Dodging
 * Level 7.8 Unarmed Combat
 + Level 5.8 Spellcasting
 + Level 6.3 Transmutations
 + Level 3.4 Ice Magic


You had 8 spell levels left.
You knew the following spells:

 Your Spells              Type           Power      Damage    Failure   Level
a - Beastly Appendage     Tmut           62%        N/A       1%          1
b - Wereblood             Tmut           31%        N/A       1%          2
c - Spider Form           Tmut/Pois      18%        N/A       9%          3
d - Ice Form              Ice/Tmut       25%        N/A       14%         4
e - Blink                 Tloc           10%        N/A       16%         2

Your spell library contained the following spells:

 Spells                   Type           Power      Damage    Failure   Level
 Sting                    Tmut/Pois      72%        1d6       3%          1
 Apportation              Tloc           10%        N/A       11%         1
 Necrotise                Necr           20%        1d5       11%         1
 Summon Small Mammal      Summ           20%        N/A       11%         1
 Poisonous Vapours        Pois/Air       10%        N/A       16%         2
 Lesser Beckoning         Tloc           5%         N/A       32%         3
 Olgreb's Toxic Radiance  Pois           5%         N/A       71%         4
 Fireball                 Conj/Fire      2%         3d4       96%         5
 Manifold Assault         Tloc           5%         N/A       96%         5
 Starburst                Conj/Fire      2%         6d3       100%        6
 Ignition                 Fire           2%         3d3       100%        8


Dungeon Overview and Level Annotations

Branches:
Dungeon (8/15)             Temple (1/1) D:7
   Lair: D:8-11

Altars:
Ashenzari
Dithmenos
Fedhas
Gozag
Hepliaklqana
Makhleb
Nemelex Xobeh
Qazlal
Sif Muna
Trog
Uskayaw
Vehumet
Yredelemnul
Zin
The Shining One

Shops:
D:2 *   D:7 ((

Annotations:
D:6 exclusion: upstairs
D:7 exclusions: downstairs and upstairs
D:8 Maurice


Innate Abilities, Weirdness & Mutations

You cannot wear most types of armour.
You are amphibious.
You can wear up to eight rings at the same time.
Your skin changes colour to match your surroundings (Stealth+).
Your rubbery body absorbs attacks. (AC +1, EV +1)
((You are camouflaged when in or above water. (Stealth+)))
You have tentacles for arms and can constrict up to eight enemies at once.


Message History

You are stuck in your current form!
Unknown command.
You feel much better. The wolf bites you. The wolf bites you!
Unknown command.
Unknown command. [a] - 484 gold - resistance, invisibility and might [b] - 232 gold - might and brilliance [c] - 644 gold - resistance, invisibility and haste Purchase which effect?
You no longer have enough gold to petition Gozag for potion effects.
You feel protected.
You fade into invisibility!
You feel very mighty all of a sudden. The wolf closely misses you.
The wolf bites you!
You hit the wolf.
The wolf is moderately wounded.
The wolf bites you.
* * * LOW HITPOINT WARNING * * *
Unknown command.
You feel better. The wolf completely misses you. The wolf closely misses you.
Unknown command.
Okay, then.
You bite the wolf!
The wolf is severely wounded.
The wolf bites you.
* * * LOW HITPOINT WARNING * * *
Unknown command.
You hit the wolf but do no damage.
The wolf is severely wounded.
The wolf barely misses you.
Unknown command.
You hit the wolf.
The wolf is severely wounded.
You feel less porcine.
Your ring of flight unmelds from your body.
Your ring of poison resistance unmelds from your body.
You fly up into the air.
The wolf bites you!
* * * LOW HITPOINT WARNING * * *
The wolf bites you!
You die...
Your body crumbles into a pile of gold.

#########
################.......##########
...............#.......#.......#.
...............#.......#.......#.
#############'##.......#..###+##.
##.....................#..##..###
.#.....................#......#..
.#.....................#......#..
##..............@......'..##..#..
......##'####'##h......#..##..#..
......'..'.....#.....).#..<...#..
......#..#.....#.......##'##..'..
......#'########...........####..
..............^......[...........
....................(............
...............................##
...............................'.


You could see a wolf.

Vanquished Creatures
  Maggie (D:7)
  Grinder (D:3)
  Prince Ribbit (D:7)
  Sigmund (D:5)
  A wyvern (D:8)
  An acid dragon (D:8)
  Menkaure (D:4)
  2 ice beasts (D:5)
  An orc warrior (D:6)
  A sky beast (D:6)
  2 black bears (D:6)
  5 ogres
  2 kobold brigands
  3 bullfrogs
  A gnoll sergeant (D:5)
  4 scorpions (D:5)
  2 necrophages (D:5)
  2 electric eels (D:6)
  3 howler monkeys
  3 jellies
  2 orc priests
  Crazy Yiuf (D:3)
  6 hounds
  2 gnoll boudas
  6 iguanas
  Jessica (D:2)
  Terence (D:2)
  4 orc wizards
  18 gnolls
  9 adders
  An ufetubus (D:5)
  A worm (D:4)
  3 dart slugs
  22 orcs
  7 ball pythons
  6 endoplasms
  2 giant cockroaches
  6 hobgoblins
  8 jackals
  15 kobolds
  5 quokkas
  A bat (D:2)
  A frilled lizard (D:1)
  3 goblins
  A rat (D:3)
170 creatures vanquished.

Vanquished Creatures (others)
  28 plants (D:6)
28 creatures vanquished.

Grand Total: 198 creatures vanquished

Notes
Turn   | Place    | Note
-------+----------+-------------------------------------------
     0 | D:1      | 112233 the Octopode Transmuter began the quest for the Orb.
     0 | D:1      | Reached XP level 1. HP: 13/13 MP: 3/3
   311 | D:2      | Noticed Terence
   356 | D:2      | Reached XP level 2. HP: 8/18 MP: 3/5
   365 | D:2      | Reached XP level 3. HP: 17/23 MP: 4/6
   618 | D:2      | Found Casalale's Assorted Antiques.
   885 | D:1      | Learned a level 2 spell: Wereblood
  1006 | D:1      | Learned a level 3 spell: Spider Form
  1188 | D:2      | Noticed Jessica
  1197 | D:2      | Killed Jessica
  1198 | D:2      | Reached XP level 4. HP: 29/29 MP: 5/7
  1913 | D:2      | Found a faded altar of an unknown god.
  2142 | D:3      | Reached XP level 5. HP: 32/34 MP: 4/9
  2248 | D:3      | Noticed Grinder
  2360 | D:3      | Found a runed translucent door.
  2361 | D:3      | Noticed Crazy Yiuf
  2617 | D:4      | Noticed Menkaure
  2639 | D:4      | HP: 1/52 [Menkaure (7)]
  2644 | D:4      | Killed Menkaure
  2645 | D:4      | Reached skill level 4 in Unarmed Combat
  2645 | D:4      | Reached XP level 6. HP: 31/41 MP: 10/10
  2950 | D:4      | Reached XP level 7. HP: 17/46 MP: 10/12
  3840 | D:4      | Learned a level 4 spell: Ice Form
  3890 | D:5      | Entered Level 5 of the Dungeon
  4249 | D:5      | Reached XP level 8. HP: 50/54 MP: 14/14
  4362 | D:5      | Reached skill level 5 in Unarmed Combat
  5474 | D:5      | Reached skill level 5 in Transmutations
  5813 | D:5      | Reached skill level 5 in Dodging
  5896 | D:5      | Noticed Sigmund
  5912 | D:6      | Learned a level 2 spell: Blink
  6453 | D:7      | Reached XP level 9. HP: 52/60 MP: 12/16
  6490 | D:7      | Noticed Prince Ribbit
  6504 | D:7      | Reached skill level 6 in Unarmed Combat
  6504 | D:7      | Reached skill level 1 in Ice Magic
  6716 | D:7      | Found a staircase to the Ecumenical Temple.
  6726 | Temple   | Entered the Ecumenical Temple
  6852 | Temple   | Became a worshipper of Gozag Ym Sagoz the Greedy
  6874 | D:7      | Found Dyafaaz's Firing Range.
  6982 | D:7      | Killed Prince Ribbit
  6983 | D:7      | Reached skill level 5 in Fighting
  6983 | D:7      | Reached skill level 5 in Spellcasting
  8219 | D:7      | Found Vamychaa's Antique Weapon Emporium.
  8612 | D:7      | Noticed Maggie
  8628 | D:7      | Killed Maggie
  8629 | D:7      | Reached skill level 7 in Unarmed Combat
  8949 | D:8      | Noticed a two-headed ogre
  9234 | D:8      | Noticed Maurice
  9471 | D:5      | Reached XP level 10. HP: 68/68 MP: 15/18
  9710 | D:5      | Killed Sigmund
  9777 | D:5      | Found a glowing golden altar of the Shining One.
 10090 | D:3      | Paralysed by Grinder for 3 turns
 10097 | D:3      | Killed Grinder
 10368 | D:3      | Killed Crazy Yiuf
 10485 | D:2      | Killed Terence
 11043 | D:7      | Slain by a wolf

Illustrated notes

Levels and vault maps discovered:
D:1:      ebering_trefoil_3fold, layout_rooms, chequers_mini_garden
D:2:      layout_basic, hellmonk_ecumenical_altar_defaced_shrine, serial_glass,
          glass_columns_c, glass_columns_a, glass_columns_c, glass_columns_b,
          serial_shops, shop, kennysheep_jessica_study, uniq_terence
D:3:      layout_rooms, uniq_crazy_yiuf_cottage, uniq_grinder
D:4:      layout_basic, uniq_menkaure
D:5:      layout_loops_ring, mainiacjoe_overflow_chevrons, minmay_pentangle,
          uniq_sigmund
D:6:      layout_rooms, gammafunk_temple_overflow_wave, serial_bayou_lagoon_b
D:7:      layout_gridville, minmay_temple_entry_glass,
          chequers_ossuary_entry_cave, serial_shops, shop,
          eino_small_chamber_without_monster, nicolae_shop_firing_range,
          uniq_maggie, uniq_prince_ribbit1
D:8:      layout_cave_pools, chequers_temple_overflow_minitemple, uniq_maurice,
          uniq_gastronok, uniq_grum
Temple:   eino_narrow_crystal_temple

Skill      XL: |  1  2  3  4  5  6  7  8  9 10 |
---------------+-------------------------------+-----
Fighting       | 2 3 4 5 6 |  6.0
Transmutations | 3 4 5 6 |  6.3
Dodging        | 3 4 5 6 |  6.4
Unarmed Combat | 4 5 7 |  7.8
Spellcasting   | 3 4 5 |  5.8
Ice Magic      | 2 3 |  3.4

Action                   |  1- 3 |  4- 6 |  7- 9 | 10-12 || total
-------------------------+-------+-------+-------+-------++-------
Melee: Unarmed           |    49 |    90 |   296 |    66 ||   501
       Constrict         |    14 |    18 |    28 |       ||    60
       Tentacles         |    10 |    17 |    31 |       ||    58
       Kick              |     5 |    17 |    22 |       ||    44
       Punch             |     1 |     1 |     5 |       ||     7
 Cast: Beastly Appendage |     5 |    16 |    10 |       ||    31
       Wereblood         |     1 |     7 |    12 |     2 ||    22
       Ice Form          |       |       |    14 |     9 ||    23
       Spider Form       |       |       |    11 |       ||    11
Invok: Potion Petition   |       |       |       |     1 ||     1
  Use: Potion            |     2 |     9 |     3 |     2 ||    16
       Scroll            |       |       |     6 |       ||     6
 Stab: Sleeping          |     5 |     3 |     3 |       ||    11
       Distracted        |       |       |     1 |       ||     1
       Invisible         |       |       |     1 |       ||     1
Armor: Skin              |    10 |    16 |    31 |     9 ||    66
Dodge: Dodged            |    19 |    38 |   160 |    23 ||   240
Block: Other             |     5 |    21 |    65 |    13 ||   104
       Reflection        |       |       |     2 |       ||     2
